 Dungeon Crawl Stone Soup version 0.31-a0-875-g02e7d12df6 (webtiles) character file.

Game seed: 3670755970682661049

38 Azuregosa the Sneak (level 3, -1/43 HPs)
             Began as a Barachi Brigand on Oct 12, 2023.
             Slain by an orc wizard
             ... wielding a +0 dagger
              (2 damage)
             ... on level 2 of the Dungeon.
             The game lasted 00:08:49 (821 turns).

Azuregosa the Sneak (Barachi Brigand)                Turns: 821, Time: 00:08:50

Health: -1/43      AC: 21    Str: 12    XL:     3   Next: 43%
Magic:  3/3        EV:  2    Int: 11    God:
Gold:   68         SH:  0    Dex: 15    Spells: 2/2 levels left

rFire   . . .        j - +2 short sword (speed)
rCold   . . .        (no shield)
rNeg    . . .        b - melded +0 robe
rPois   +            (helmet currently unavailable)
rElec   .            c - melded +0 cloak
rCorr   .            (gloves currently unavailable)
SInv    .            (boots currently unavailable)
Will    .....        (no amulet)
Stlth   +++          (no ring)
HPRegen 0.27/turn    (no ring)
MPRegen 0.08/turn

%: no passive effects
@: brilliant, tree-form
A: stationary, stasis, torment immunity, boosted hp, (amphibious), (slowness 1),
(strong legs 1), +LOS
a: no special abilities


You were on level 2 of the Dungeon.
You were a tree.
You visited 1 branch of the dungeon, and saw 3 of its levels.

You collected 68 gold pieces.

Inventory:

Hand Weapons
 a - a +2 dagger
 g - a +0 sling
 j - a +2 short sword of speed (weapon)
Armour
 b - a +0 robe (melded)
 c - a +0 cloak (melded)
Scrolls
 h - 2 scrolls of identify {unknown}
Potions
 k - 2 potions of lignification


   Skills:
 + Level 3.0 Fighting
 + Level 2.7 Short Blades
 + Level 2.3 Throwing
 + Level 1.7 Dodging
 + Level 3.9 Stealth


You had 2 spell levels left.
You didn't know any spells.
Your spell library contained the following spells:

 Spells                   Type           Power      Damage    Failure   Level
 Kiss of Death            Conj/Necr      0%         2d5       34%         1
 Confusing Touch          Hex            0%         N/A       71%         3
 Dispel Undead            Necr           0%         3d6       98%         4


Dungeon Overview and Level Annotations

Branches:
Dungeon (3/15)

Altars:


Innate Abilities, Weirdness & Mutations

You are a tree.
Your roots penetrate the ground, keeping you stationary.
You cannot be teleported.
You are immune to unholy pain and torment.
Your maximum health is greatly increased.
Your equipment is partially melded.
((You are amphibious.))
((You cover ground slowly.))
((You can hop short distances.))
You have an extended range of vision and can be seen from far away.


Message History

You cannot move. (Use ctrl+direction or * direction to attack while stationary and confused.)
You cannot move. (Use ctrl+direction or * direction to attack while stationary and confused.) Unknown command.
Something hits you but does no damage.
The orc priest hits you but does no damage.
Something hits you but does no damage.
The orc priest hits you but does no damage.
You hear some strange, mumbled words.
Something tries to affect you, but you resist.
The orc priest hits you but does no damage.
Something hits you but does no damage.
The orc priest hits you but does no damage.
Something hits you but does no damage.
The orc priest hits you but does no damage.
You cannot move. (Use ctrl+direction or * direction to attack while stationary and confused.) Unknown command.
Non-targeted confused throw: 3 darts (curare)
Press: ? - help, Q - select action Dir - look around, f - activate Look: an orc priest, wielding a +0 short sword You throw a curare-tipped dart.
Something hits you but does no damage.
The orc priest hits you but does no damage.
Non-targeted confused throw: 2 darts (curare)
Press: ? - help, Q - select action Dir - look around, f - activate You throw a curare-tipped dart.
You feel less confused. Something hits you but does no damage.
The orc priest calls down the wrath of Beogh upon you.
Beogh smites you!
* * * LOW HITPOINT WARNING * * *
Throw: dart (curare)
Press: ? - help, Q - select action Shift-Dir - straight line, f - orc priest
Aim: an orc priest, wielding a +0 short sword (57% to hit)
You throw a curare-tipped dart.
The curare-tipped dart hits the orc priest.
The orc priest is poisoned.
The orc priest convulses.
The orc priest seems to slow down.
The orc priest is severely wounded.
Something hits you.
You die...

#....##........##...........
#....##........##..#.......#
#....##........##...........
.#####....##........######......#
.........................>.######
..........#####......###...#
......().<# #)####.# #...#
........### #o####.###...#
........# #{♣....(.....#
........# ######.###..##
#######..# #.......# #..# .....
...####### #..# ...... ...#
.[..... #.## #........ #.# ...K..
#.# #.#


You could see an orc priest (very poisoned, slow).

Vanquished Creatures
  A dart slug (D:2)
  3 orcs (D:2)
  5 ball pythons (D:1)
  2 bats (D:1)
  A giant cockroach (D:1)
  3 goblins (D:1)
  2 hobgoblins (D:1)
  3 jackals (D:1)
  4 quokkas (D:1)
  2 frilled lizards
  2 rats (D:1)
28 creatures vanquished.

Notes
Turn   | Place    | Note
-------+----------+-------------------------------------------
     0 | D:1      | Azuregosa the Barachi Brigand began the quest for the Orb.
     0 | D:1      | Reached XP level 1. HP: 17/17 MP: 1/1
   131 | D:1      | Reached XP level 2. HP: 14/23 MP: 2/2
   340 | D:1      | Found a faded altar of an unknown god.
   464 | D:2      | Reached XP level 3. HP: 20/28 MP: 3/3
   820 | D:2      | HP: 1/43 [orc priest/divine providence (7)]
   821 | D:2      | Slain by an orc wizard

Illustrated notes

Levels and vault maps discovered:
D:1:      lightli_arrival_lavapool, layout_basic,
          shapermc_ecumenical_altar_venn, grunt_decor_one_mirror,
          hangedman_feature_mirror
D:2:      layout_basic, kennysheep_generic_room_4
D:3:      layout_rooms, grunt_decor_clamped

Skill      XL: |  1  2  3 |
---------------+----------+-----
Fighting       | 3 |  3.0
Short Blades   | |  2.7
Throwing       | |  2.3
Dodging        | |  1.7
Stealth        | |  3.9

Action                     || total
---------------------------++-------
  Melee: Dagger            ||    69
         Short sword       ||    46
         Punch             ||     2
  Throw: Dart              ||    12
    Use: Potion            ||     3
   Stab: Sleeping          ||     1
 Armour: Robe              ||    61
         Skin              ||    34
  Dodge: Dodged            ||    65

Table legend: (Time is in decaauts)
 A = Elapsed time spent in this place.
 B = Non-inter-level travel time spent in this place.
 C = Inter-level travel time spent in this place.
 D = Time resting spent in this place.
 E = Time spent auto-exploring this place.
 F = Levels seen in this place.
 G = Mean time per level.
                   A        B        C        D        E       F      G
               +--------+--------+--------+--------+--------+-----+--------+
         Total |    890 |    890 |      0 |    114 |    370 |   3 |  296.7 |
       Dungeon |    890 |    890 |      0 |    114 |    370 |   3 |  296.7 |
               +--------+--------+--------+--------+--------+-----+--------+

Top non-repeatable levels by time:
     D:1: 793 daAuts
     D:2: 96 daAuts
     D:3: 1 daAuts
